 Dungeon Sprint DCSS version 0.30.1-9-gdf580d7c3d (webtiles) character file.

Game seed: 17132710919388426910

16979 boopmooplesden the Pulveriser (level 12, -3/127 HPs)
             Began as a Minotaur Gladiator on Oct 18, 2023.
             Was the Champion of Trog.
             Slain by a dire elephant (6 damage)
             ... in the Dungeon (Sprint VII: "The Pits").
             The game lasted 00:08:18 (3507 turns).

boopmooplesden the Pulveriser (Minotaur Gladiator)  Turns: 3507, Time: 00:08:19

Health: -3/127     AC: 21    Str: 24    XL:     12   Next: 14%
Magic:  11/11      EV: 14    Int:  7    God:    Trog [******]
Gold:   55         SH:  0    Dex: 12    Spells: 11/11 levels left

rFire   . . .        I - +16 consecrated labrys {holy, Valiant Fragile Fly SInv}
rCold   . . .        (no shield)
rNeg    + . .        w - +3 plate armour
rPois   +            c - +0 hat
rElec   .            (no cloak)
rCorr   .            (no gloves)
SInv    +            (no boots)
Will    ++...        (no amulet) Stlth
                     r - +3 ring of evasion
HPRegen 1.41/turn    K - ring "Desaipel" {rPois rN+ Int+2}
MPRegen 0.12/turn

%: no teleportation
@: strong-willed, on berserk cooldown, flying, regenerating, slowed, very slow
A: horns 2, retaliatory headbutt
a: Renounce Religion, Berserk, Trog's Hand, Brothers in Arms


You were in the Dungeon.
You worshipped Trog.
Trog was exalted by your worship.
You visited 1 branch You collected 55 gold pieces.

Inventory:

Hand Weapons
 a - a +0 quarterstaff
 l - a +2 quarterstaff
 p - a +2 quarterstaff of protection
 v - a +0 lajatang
 x - a +1 lajatang
 y - a +1 lajatang of flaming
 z - a +4 antimagic lajatang
 I - the +16 consecrated labrys (weapon) {holy, Valiant Fragile Fly SInv}
   (Trog gifted it to you in the Dungeon)

   Valiant:   It becomes more powerful as more dangerous foes come into view.
   SInv:      It lets you see invisible.
   Fly:       It grants you flight.
   Fragile:   It will be destroyed if unequipped.
Missiles
 d - 3 throwing nets (quivered)
 e - a javelin
Armour
 b - a +0 leather armour
 c - a +0 hat (worn)
 q - a +3 chain mail
 w - a +3 plate armour (worn)
Jewellery
 r - a +3 ring of evasion (left hand)
 s - a +3 ring of evasion
 A - a ring of ice
 B - a ring of protection from fire
 C - a ring of see invisible
 D - a +4 ring of protection
 K - the ring "Desaipel" (right hand) {rPois rN+ Int+2}
   (You took it off a kobold brigand in the Dungeon)

   [ring of positive energy]

   Int:       It affects your intelligence (+2).
   rPois:     It protects you from poison.
   rN:        It protects you from negative energy.
Wands
 J - a wand of mindburst (9)
Scrolls
 k - 3 scrolls of blinking
 n - 5 scrolls of amnesia
 o - a scroll of butterflies
 E - a scroll of identify
 F - 2 scrolls of fear
 G - 4 scrolls of enchant armour
 H - 2 scrolls of fog
Potions
 f - 6 potions of curing
 g - 14 potions of heal wounds
 h - 4 potions of haste
 i - 4 potions of magic
 j - 4 potions of berserk rage
 m - 2 potions of invisibility
 t - 2 potions of might
 u - a potion of resistance


   Skills:
 + Level 17.7 Fighting
 + Level 11.6 Axes
 + Level 21.8 Staves
 + Level 4.5 Throwing
 + Level 17.7 Armour
 + Level 10.9 Dodging
 + Level 3.2 Stealth


You had 11 spell levels left.
You didn't know any spells.
Your spell library was empty.

Dungeon Overview and Level Annotations

Branches:
Dungeon (1/1)

Altars:
Cheibriados
Dithmenos
Elyvilon
Fedhas
Gozag
Hepliaklqana
Makhleb
Nemelex Xobeh
Okawaru
Qazlal
Ru
Sif Muna
Trog
Vehumet
Wu Jian
Xom
Yredelemnul
Zin
The Shining One
Jiyva
Lugonu


Innate Abilities, Weirdness & Mutations

You have a pair of horns on your head.
You reflexively headbutt those who attack you in melee.


Message History

The black mamba bites you.
The black mamba bites you but does no damage.
A bat zombie comes into view.
The dire elephant tramples you!!
* * * LOW HITPOINT WARNING * * *
You are shoved backwards!
The bat zombie moves out of view.
Okay, then.
You feel much better.
The dire elephant tramples you but does no damage.
The dire elephant trunk-slaps you.
* * * LOW HITPOINT WARNING * * *
The dire elephant barely misses you. You furiously retaliate!
You headbutt the dire elephant!
The dire elephant trunk-slaps you but does no damage.
You feel much better.
The sixfirhy hits you but does no damage.
The sixfirhy closely misses you. The sixfirhy misses you.
You furiously retaliate!
You headbutt the sixfirhy!
The sixfirhy hits you but does no damage.
The sixfirhy barely misses you. The dire elephant tramples you!!
* * * LOW HITPOINT WARNING * * *
You hold your ground!
The dire elephant trunk-slaps you.
* * * LOW HITPOINT WARNING * * *
The sixfirhy hits you but does no damage.
The sixfirhy attacks as you move away!
The sixfirhy hits you but does no damage.
The dire elephant attacks as you move away!
The dire elephant tramples you!
* * * LOW HITPOINT WARNING * * *
The dire elephant barely misses you.
The sixfirhy hits you but does no damage.
You feel much better.
The dire elephant tramples you but does no damage.
The dire elephant trunk-slaps you but does no damage.
A nagaraja comes into view. It is wielding a +2 halberd of venom.
Your troll goes berserk!
The dire elephant tramples you!!
* * * LOW HITPOINT WARNING * * *
You hold your ground!
The dire elephant trunk-slaps you.
You die...

#####################
#....................
#....................
#..################.. #..##.#.#
#.. #..#.#N# #.. #..T#Y#3# #..
#..#@#.#h# #.. #..##.#.#Z# #..
#..# ###### ###########...
________.##.... ________.######
______...###########++#########
##########'##................##..
#.?(.')))'.##......#..#......##..


You could see a dire elephant (ally target), a nagaraja and a friendly troll
(summoned, berserk).

Vanquished Creatures
  An eidolon (D)
  An alligator snapping turtle (D)
  A death yak (D)
  A vampire mage (D)
  2 sun demons (D)
  A swamp dragon (D)
  3 bog bodies (D)
  2 deep elf pyromancers (D)
  A lindwurm (D)
  A phantasmal warrior (D)
  A manticore (D)
  An eye of devastation (D)
  2 demonic crawlers (D)
  A rime drake (shapeshifter) (D)
  3 kobold demonologists (D)
  3 efreet (D)
  A merfolk (D)
  A hellwing (D)
  A hornet (D)
  3 tarantellas (D)
  6 dream sheep (D)
  A flying skull (D)
  A jumping spider (D)
  A wraith (D)
  4 yaks (D)
  A ynoxinul (D)
  A basilisk (D)
  5 redbacks (D)
  2 wargs (D)
  A water moccasin (D)
  7 wolves (D)
  2 phantoms (D)
  A centaur (D)
  3 kobold brigands (D)
  A bullfrog (D)
  A necrophage (D)
  3 hounds (D)
  A hell rat (D)
  A mummy (D)
  An adder (D)
  2 gnolls (D)
  2 white imps (D)
  3 ufetubi (D)
  An orc (D)
  A ball python (D)
  A bat skeleton (D)
  2 endoplasms (D)
  3 giant cockroaches (D)
  A goblin (D)
  A hobgoblin (D)
  A jackal (D)
  2 kobolds (D)
  A bat (D)
  A frilled lizard (D)
  A jackal skeleton (D)
  A rat (D)
99 creatures vanquished.

Vanquished Creatures (collateral kills)
  A deep elf zephyrmancer (D)
  A swamp dragon (D)
2 creatures vanquished.

Vanquished Creatures (others)
  A flayed ghost (D)
  A yaktaur (D)
  A mummy (D)
3 creatures vanquished.

Grand Total: 104 creatures vanquished

Notes
Turn   | Place    | Note
-------+----------+-------------------------------------------
     0 | D        | boopmooplesden the Minotaur Gladiator began the quest for
                  | the Orb.
     0 | D        | Reached XP level 1. HP: 18/18 MP: 0/0
    13 | D        | Reached skill level 4 in Staves
    39 | D        | Found a bloodstained altar of Trog.
    39 | D        | Found a shimmering blue altar of Sif Muna.
    39 | D        | Found a viscous altar of Jiyva.
    39 | D        | Found a hazy altar of Hepliaklqana.
    39 | D        | Found an opulent altar of Gozag.
    40 | D        | Found a glowing golden altar of the Shining One.
    40 | D        | Found a glowing silver altar of Zin.
    40 | D        | Found a basalt altar of Yredelemnul.
    40 | D        | Found a shimmering altar of Xom.
    40 | D        | Found an ornate altar of the Wu Jian Council.
    40 | D        | Found a sacrificial altar of Ru.
    40 | D        | Found a stormy altar of Qazlal.
    40 | D        | Found an iron altar of Okawaru.
    40 | D        | Found a sparkling altar of Nemelex Xobeh.
    40 | D        | Found a burning altar of Makhleb.
    40 | D        | Found a blossoming altar of Fedhas.
    40 | D        | Found a white marble altar of Elyvilon.
    40 | D        | Found a shadowy altar of Dithmenos.
    40 | D        | Found a snail-covered altar of Cheibriados.
    42 | D        | Found a corrupted altar of Lugonu.
    42 | D        | Found a radiant altar of Vehumet.
    43 | D        | Became a worshipper of Trog the Wrathful
    54 | D        | Reached XP level 2. HP: 19/25 MP: 1/1
    77 | D        | Reached * piety under Trog
    81 | D        | Reached skill level 5 in Staves
   218 | D        | Reached skill level 5 in Dodging
   220 | D        | Reached ** piety under Trog
   222 | D        | Reached skill level 1 in Armour
   222 | D        | Reached XP level 3. HP: 31/31 MP: 2/2
   291 | D        | Reached skill level 6 in Staves
   293 | D        | Reached *** piety under Trog
   294 | D        | Reached XP level 4. HP: 40/40 MP: 3/3
   304 | D        | Reached skill level 7 in Staves
   312 | D        | Reached **** piety under Trog
   423 | D        | Reached skill level 8 in Staves
   425 | D        | Noticed an efreet
   433 | D        | Killed an efreet
   434 | D        | Reached skill level 11 in Staves
   434 | D        | Reached skill level 5 in Armour
   434 | D        | Reached XP level 5. HP: 22/51 MP: 4/4
   434 | D        | Reached XP level 6. HP: 26/58 MP: 5/5
   565 | D        | Noticed a warg
   572 | D        | Killed a warg
   573 | D        | Reached skill level 12 in Staves
   582 | D        | Reached XP level 7. HP: 29/66 MP: 6/6
   802 | D        | Reached ***** piety under Trog
   811 | D        | Reached skill level 13 in Staves
   919 | D        | Noticed a death yak
   919 | D        | Noticed a manticore
   933 | D        | Killed a manticore
   933 | D        | Received a gift from Trog
   934 | D        | Reached skill level 14 in Staves
   934 | D        | Reached skill level 1 in Stealth
   934 | D        | Reached XP level 8. HP: 75/75 MP: 7/7
   938 | D        | Killed a death yak
   939 | D        | Reached skill level 15 in Staves
  1008 | D        | Reached skill level 16 in Staves
  1009 | D        | Reached skill level 10 in Fighting
  1009 | D        | Reached skill level 10 in Dodging
  1009 | D        | Reached XP level 9. HP: 85/85 MP: 8/8
  1015 | D        | Received a gift from Trog
  1020 | D        | Reached skill level 10 in Armour
  1070 | D        | Noticed a demonic crawler
  1080 | D        | Killed a demonic crawler
  1081 | D        | Reached skill level 17 in Staves
  1255 | D        | Noticed a swamp dragon
  1255 | D        | Noticed an efreet
  1261 | D        | Killed an efreet
  1264 | D        | Killed a swamp dragon
  1265 | D        | Reached skill level 18 in Staves
  1533 | D        | Noticed a merfolk
  1533 | D        | Noticed a deep elf pyromancer
  1538 | D        | Killed a deep elf pyromancer
  1538 | D        | Received a gift from Trog
  1538 | D        | Reached ****** piety under Trog
  1539 | D        | Reached XP level 10. HP: 45/99 MP: 9/9
  1546 | D        | Reached skill level 19 in Staves
  1769 | D        | Noticed an eye of devastation
  1777 | D        | Killed an eye of devastation
  1782 | D        | Received a gift from Trog
  1810 | D        | Noticed a vampire mage
  1827 | D        | Received a gift from Trog
  1828 | D        | Reached skill level 20 in Staves
  1834 | D        | Killed a vampire mage
  1835 | D        | Noticed a bog body
  1842 | D        | Killed a bog body
  1906 | D        | Received a gift from Trog
  1911 | D        | Noticed an eidolon
  1943 | D        | Killed an eidolon
  1943 | D        | Received a gift from Trog
  1944 | D        | Reached skill level 15 in Fighting
  1944 | D        | Reached XP level 11. HP: 110/112 MP: 10/10
  1961 | D        | Noticed a phantasmal warrior
  1966 | D        | Killed a phantasmal warrior
  1967 | D        | Noticed a deep elf zephyrmancer
  1973 | D        | Noticed a swamp dragon
  1974 | D        | Killed a swamp dragon
  1975 | D        | Reached skill level 21 in Staves
  1975 | D        | Reached skill level 15 in Armour
  1976 | D        | Killed a deep elf zephyrmancer
  2300 | D        | Noticed a deep elf pyromancer
  2308 | D        | Received a gift from Trog
  2308 | D        | Found the +4 consecrated labrys {holy, Valiant Fragile Fly
                  | SInv}
  2313 | D        | Killed a deep elf pyromancer
  2334 | D        | Noticed a bog body
  2337 | D        | Killed a bog body
  2337 | D        | Received a gift from Trog
  2338 | D        | Reached skill level 1 in Axes
  2607 | D        | Noticed a lindwurm
  2613 | D        | Killed a lindwurm
  2626 | D        | Noticed a sun demon
  2633 | D        | Killed a sun demon
  2633 | D        | Received a gift from Trog
  2640 | D        | Reached skill level 5 in Axes
  2973 | D        | Noticed a sun demon
  2973 | D        | Noticed a bog body
  2978 | D        | Killed a sun demon
  2980 | D        | Killed a bog body
  2980 | D        | Received a gift from Trog
  3378 | D        | Identified the ring "Desaipel" {rPois rN+ Int+2}
  3379 | D        | Noticed a soul eater
  3383 | D        | Reached XP level 12. HP: 125/125 MP: 11/11
  3385 | D        | Reached skill level 10 in Axes
  3385 | D        | Received a gift from Trog
  3483 | D        | Noticed an alligator snapping turtle
  3495 | D        | Killed an alligator snapping turtle
  3501 | D        | Received a gift from Trog
  3502 | D        | Noticed a dire elephant
  3505 | D        | HP: 2/127 [dire elephant (14)]
  3507 | D        | Noticed a nagaraja
  3507 | D        | Slain by a dire elephant

Illustrated notes

Levels and vault maps discovered:
D:        pitsprint [storerooms_1, entrance_room_1, metal_vault_2, armoury_1,
          mini_pit_1, grid_room_1, main_hall_1, silver_pit, the_coven_3,
          the_vestibule_1, steel_vault_5, golden_pit, hallway_of_sentries,
          crystal_vault_1, iron_vault_4, final_vault]

Skill      XL: |  1  2  3  4  5  6  7  8  9 10 11 12 |
---------------+-------------------------------------+-----
Staves         | 4 5 6 11 12 14 16 18 20 21 | 21.8
Dodging        | 4 5 6 8 9 10 | 10.9
Fighting       | 3 4 6 7 8 10 12 15 17 | 17.7
Armour         | 1 5 6 8 9 12 14 17 | 17.7
Throwing       | 3 4 |  4.5
Stealth        | 1 2 3 |  3.2
Axes           | 9 11 | 11.6

Action                     |  1- 3 |  4- 6 |  7- 9 | 10-12 || total
---------------------------+-------+-------+-------+-------++-------
  Melee: Quarterstaff      |    19 |    36 |     8 |       ||    63
         Headbutt          |     4 |     4 |    17 |    29 ||    54
         Lajatang          |       |       |    62 |    86 ||   148
         Labrys            |       |       |       |    54 ||    54
 Invoke: Berserk           |     1 |     1 |     4 |     6 ||    12
         Brothers in Arms  |       |       |       |     3 ||     3
         Trog's Hand       |       |       |       |     1 ||     1
    Use: Potion            |       |       |     1 |     4 ||     5
 Armour: Leather armour    |     3 |       |       |       ||     3
         Chain mail        |     1 |    16 |     2 |       ||    19
         Plate armour      |       |       |    25 |   145 ||   170
  Dodge: Dodged            |    21 |    11 |    59 |   133 ||   224
